 Dungeon Crawl Stone Soup version 0.18-a0-1649-g8d9735b (webtiles) character file.

29964 Kidiri the Thaumaturge (level 13, -5/66 HPs)
             Began as a Deep Elf Fire Elementalist on Mar 29, 2016.
             Was a High Priest of Vehumet.
             Slain by a death yak (17 damage)
             ... led by a torpor snail
             ... on level 6 of the Lair of Beasts.
             The game lasted 01:40:27 (19405 turns).

Kidiri the Thaumaturge (DEFE)                      Turns: 19405, Time: 01:40:27

Health: -5/66      AC: 10    Str:  5    XL:     13   Next: 18%
Magic:  14/32      EV: 21    Int: 26    God:    Vehumet [*****.]
Gold:   533        SH:  0    Dex: 19    Spells: 10 memorised, 3 levels left

rFire  . . .     SeeInvis +     E - +6 halberd "Koalai" {venom, *Contam rPois rC+ Dex+6}
rCold  + + .     Gourm    .     q - +2 robe {rC+}
rNeg   . . .     Faith    +     (shield currently unavailable)
rPois  +         Spirit   .     I - +0 hat {SInv}
rElec  .         Dismiss  .     B - +1 cloak
rCorr  +         Reflect  .     (no gloves)
SustAt .         Harm     .     t - +0 pair of boots
MR     +....     Rnd*Tele +     J - amulet of faith
Stlth  +++.......               L - +3 ring of protection
                                F - ring of resist corrosion

@: about to teleport, slowed, very slow, somewhat resistant to hostile
enchantments, fairly stealthy
A: horns 1, clumsy 1, frail 1, teleportitis 1, MP-powered wands
a: Renounce Religion


You were on level 6 of the Lair of Beasts.
You worshipped Vehumet.
Vehumet was extremely pleased with you.
You were not hungry.

You visited 3 branches of the dungeon, and saw 15 of its levels.

You collected 812 gold pieces.
You spent 279 gold pieces at shops.

Inventory:

Hand Weapons
 E - the +6 halberd "Koalai" (weapon) {venom, *Contam rPois rC+ Dex+6}
   (You took it off a big kobold on level 8 of the Dungeon)

   It poisons the flesh of those it strikes.
   It affects your dexterity (+6).
   It protects you from cold.
   It protects you from poison.
   It causes magical contamination when unequipped.
Armour
 a - the +0 leather armour of Freedom {Int+4}
   (You found it on level 4 of the Lair of Beasts)

   It affects your intelligence (+4).
 k - a +2 shield of protection
 p - a +2 helmet
 q - a +2 robe of cold resistance (worn)
 t - a +0 pair of boots (worn)
 B - a +1 cloak (worn)
 I - a +0 hat of see invisible (worn)
Jewellery
 g - an uncursed ring of see invisible
 m - an uncursed amulet of regeneration
 u - an uncursed amulet of dismissal
 F - a ring of resist corrosion (left hand)
 J - an amulet of faith (around neck)
 L - a +3 ring of protection (right hand)
Wands
 o - a wand of paralysis (8/24)
 x - a wand of teleportation (2/9)
 y - a wand of flame (29/48)
 z - a wand of hasting (5/9)
 D - a wand of enslavement (13/24)
 H - a wand of iceblast (4/15)
Scrolls
 b - 3 scrolls of noise
 h - 3 scrolls of blinking
 v - 3 scrolls of amnesia
 w - a scroll of recharging
 A - a scroll of teleportation
Potions
 d - 2 potions of brilliance
 e - 3 potions of ambrosia
 i - a potion of agility
 j - 2 potions of lignification
 l - a potion of might
 n - 4 potions of curing
 K - a potion of flight
Books
 s - a book of the Earth

   Spells                             Type                      Level
   a - Leda's Liquefaction            Hexes/Earth                  4
   b - Bolt of Magma                  Conjuration/Fire/Earth       5
   c - Statue Form                    Transmutation/Earth          6
   d - Iron Shot                      Conjuration/Earth            6
   e - Shatter                        Earth                        9
Comestibles
 c - 7 bread rations
 f - 8 meat rations
 G - 4 fruits


   Skills:
 + Level 5.9 Fighting
 + Level 3.6 Armour
 * Level 10.6 Dodging
 - Level 2.4 Stealth
 + Level 3.8 Shields
 * Level 13.1 Spellcasting
 * Level 9.6 Conjurations
 + Level 9.1 Hexes
 + Level 6.2 Translocations
 + Level 9.1 Fire Magic
 + Level 5.8 Earth Magic


You had 3 spell levels left.
You knew the following spells:

 Your Spells              Type           Power        Failure   Level  Hunger
a - Flame Tongue          Conj/Fire      #####        1%          1    None
b - Throw Flame           Conj/Fire      ######       1%          2    None
c - Conjure Flame         Conj/Fire      ######..     1%          3    None
d - Inner Flame           Hex/Fire       ######..     1%          3    None
e - Sticky Flame          Conj/Fire      ######..     1%          4    None
f - Fireball              Conj/Fire      ######....   1%          5    ##.....
g - Apportation           Tloc           #####.....   1%          1    None
h - Bolt of Magma         Conj/Fire/Erth ######....   1%          5    ##.....
i - Iron Shot             Conj/Erth      ######....   5%          6    #####..
j - Lee's Rapid Deconstr  Erth           #####.....   2%          5    ##.....


Dungeon Overview and Level Annotations

Branches:
Dungeon (8/15)             Temple (1/1) D:4            Lair (6/8) D:8
  Swamp (0/4) Lair:6        Snake (0/4) Lair:3
  Slime: Lair:6-8

Altars:
Ashenzari
Cheibriados
Dithmenos
Elyvilon
Kikubaaqudgha
Makhleb
Nemelex Xobeh
Okawaru
Pakellas
Qazlal
Ru
Sif Muna
Vehumet
Xom
Yredelemnul
Zin
The Shining One

Shops:
D:8 [

Annotations:
Lair:6 exclusion: ice statue


Innate Abilities, Weirdness & Mutations

You have a pair of small horns on your head.
You are clumsy. (Dex -2)
You are frail (-10% HP).
You are occasionally teleported next to monsters.
You expend magic power (3 MP) to strengthen your wands.


Message History

The death yak burns!
The death yak stops burning.
The death yak gores you! The death yak closely misses you.
Casting: Sticky Flame
Confirm with . or Enter, or press ? or * to list all spells.
Aiming: Sticky Flame
Press: ? - help, Shift-Dir - straight line, f/p - death yak
Aim: a death yak (severely wounded)
The sticky flame hits the death yak.
The death yak is almost dead.
The death yak is covered in liquid flames!
The death yak bellows!
The death yak burns! x2; The death yak gores you!!
* * * LOW HITPOINT WARNING * * *
Unknown command.
Unknown command.
Read which item? (? for menu, Esc to quit)
As you read the scroll of teleportation, it crumbles to dust.
You feel strangely unstable.
The death yak burns!
The death yak completely misses you. The death yak gores you!
You die...

≈≈≈≈≈≈≈≈≈≈......##
≈≈≈≈≈≈≈≈.....#.#
≈≈≈≈≈≈≈...##.##
?!≈≈≈≈≈Y..#####
8%≈≈≈≈..w...#.###
D)≈≈≈≈.....#.#...
/}≈≈≈≈≈...#..PP..
≈≈≈≈≈≈≈.Y....PP..
≈≈≈≈≈≈≈†@##..P....
≈≈≈≈≈≈≈..P.P...#P.
≈≈≈≈...≈......P# #
≈≈≈...≈≈......##
.≈≈≈..≈≈≈≈.....#
..≈..≈≈≈....#....
....≈≈≈.⌠.####...
......#.... ...
.........# .


You could see 2 death yaks and a torpor snail.

Vanquished Creatures
  Gastronok (Lair:3)
  4 hydras
  Urug (Lair:3)
  Pikel (D:5)
  5 elephants
  3 black mambas
  A guardian serpent (Lair:3)
  Maurice (D:8)
  11 spiny frogs
  8 komodo dragons
  3 rime drakes
  3 polar bears
  18 blink frogs
  A boulder beetle (Lair:4)
  5 yaks
  Eustachio (D:5)
  3 basilisks
  A hungry ghost (D:8)
  4 hippogriffs
  A steam dragon (Lair:3)
  A swamp drake (Lair:6)
  Duvessa (D:5)
  11 water moccasins
  17 porcupines
  2 slaves (D:5)
  A sky beast (D:7)
  6 ice beasts
  2 black bears
  An orc warrior (D:7)
  4 phantoms
  6 ogres
  4 wolves
  A necrophage (D:7)
  6 centaurs
  The ghost of stickyfingers the Cudgeler, an amateur OpSk (D:3)
  11 crocodiles
  4 big kobolds (D:8)
  7 giant frogs
  A wyvern skeleton (D:6)
  2 scorpions
  Dowan (D:5)
  3 wights (D:6)
  2 electric eels (Lair:2)
  A centaur zombie (D:7)
  A centaur skeleton (D:4)
  4 hounds
  2 orc priests (D:7)
  A jelly (D:6)
  A gnoll shaman (D:7)
  3 giant frog skeletons
  5 orc wizards
  7 iguanas
  3 worker ants
  2 sheep (D:8)
  4 gnolls (D:7)
  17 adders
  45 river rats
  A shadow imp (D:8)
  A white imp (Lair:6)
  An adder zombie (D:5)
  An ooze (D:7)
  5 worms
  3 dart slugs
  5 giant geckos
  10 orcs
  12 bats
  8 giant cockroaches
  5 goblins
  6 hobgoblins
  2 jackals (D:2)
  4 quokkas
  2 ball pythons
  6 giant newts
  A jackal skeleton (D:7)
  A jackal zombie (D:8)
  13 kobolds
  A quokka skeleton (D:4)
  6 rats
361 creatures vanquished.

Vanquished Creatures (collateral kills)
  A wolf (Lair:1)
1 creature vanquished.

Vanquished Creatures (others)
  A slave (D:5)
  A hound skeleton (D:5)
  A giant cockroach (D:5)
  14 fungi
  10 plants
27 creatures vanquished.

Grand Total: 389 creatures vanquished

Notes
Turn   | Place    | Note
--------------------------------------------------------------
     0 | D:1      | Kidiri the Deep Elf Fire Elementalist began the quest for the Orb.
     0 | D:1      | Reached XP level 1. HP: 10/10 MP: 6/6
   382 | D:1      | Reached XP level 2. HP: 16/16 MP: 2/8
   386 | D:1      | Learned a level 2 spell: Throw Flame
   970 | D:2      | Reached skill level 4 in Spellcasting
   970 | D:2      | Reached XP level 3. HP: 17/20 MP: 4/10
   975 | D:2      | Learned a level 3 spell: Conjure Flame
   979 | D:2      | Learned a level 3 spell: Inner Flame
  1441 | D:2      | Reached skill level 1 in Hexes
  1562 | D:2      | Reached XP level 4. HP: 24/24 MP: 6/12
  2064 | D:3      | Found a sacrificial altar of Ru.
  2080 | D:3      | Reached skill level 1 in Fighting
  2090 | D:3      | Reached XP level 5. HP: 29/29 MP: 8/14
  2096 | D:3      | Learned a level 4 spell: Sticky Flame
  2109 | D:3      | Noticed stickyfingers's ghost (amateur OpSk)
  2119 | D:3      | Killed stickyfingers's ghost
  2119 | D:3      | Reached skill level 5 in Spellcasting
  2578 | D:3      | Reached XP level 6. HP: 34/34 MP: 6/15
  2863 | D:4      | Found a staircase to the Ecumenical Temple.
  3078 | Temple   | Entered the Ecumenical Temple
  3320 | D:4      | Reached skill level 6 in Spellcasting
  3773 | D:4      | Reached XP level 7. HP: 40/40 MP: 12/18
  3813 | D:4      | Learned a level 5 spell: Fireball
  3913 | D:5      | Entered Level 5 of the Dungeon
  3916 | D:5      | Noticed Pikel
  3920 | D:5      | Noticed Dowan
  4024 | D:5      | Noticed Eustachio
  4238 | D:5      | Noticed Duvessa
  4254 | D:5      | Killed Duvessa
  4254 | D:5      | Killed Dowan
  4254 | D:5      | Reached skill level 7 in Spellcasting
  4254 | D:5      | Reached skill level 5 in Fire Magic
  4372 | D:5      | Killed Pikel
  4372 | D:5      | Reached skill level 8 in Spellcasting
  4372 | D:5      | Reached XP level 8. HP: 44/46 MP: 7/22
  4500 | D:5      | Found a radiant altar of Vehumet.
  4510 | D:5      | Became a worshipper of Vehumet
  4598 | D:5      | Found a white marble altar of Elyvilon.
  4635 | D:5      | Found a shimmering altar of Xom.
  4843 | D:5      | Found a shadowy altar of Dithmenos.
  4850 | D:5      | Killed Eustachio
  4857 | D:5      | Reached skill level 5 in Dodging
  5284 | D:4      | Reached skill level 5 in Conjurations
  5338 | D:6      | Reached skill level 5 in Hexes
  5466 | D:6      | Learned a level 1 spell: Apportation
  5701 | D:6      | Found a deep blue altar of Sif Muna.
  5978 | D:6      | Reached XP level 9. HP: 51/51 MP: 19/23
  6063 | D:6      | Reached skill level 9 in Spellcasting
  6436 | D:7      | Reached skill level 1 in Translocations
  6768 | D:7      | Found an ancient bone altar of Kikubaaqudgha.
  6848 | D:7      | Reached * piety under Vehumet
  6848 | D:7      | Offered knowledge of Sandblast by Vehumet.
  6851 | D:7      | Learned a level 1 spell: Sandblast
  7292 | D:7      | Reached skill level 10 in Spellcasting
  7311 | D:7      | Gained mutation: You are occasionally teleported next to monsters. [potion of mutation]
  7311 | D:7      | Gained mutation: You expend magic power (3 MP) to strengthen your wands. [potion of mutation]
  7311 | D:7      | Gained mutation: You are clumsy. (Dex -2) [potion of mutation]
  7539 | D:8      | Noticed Maurice
  7550 | D:8      | Killed Maurice
  7550 | D:8      | Reached skill level 1 in Earth Magic
  7663 | D:8      | Learned a level 5 spell: Bolt of Magma
  7994 | D:8      | Reached XP level 10. HP: 33/57 MP: 13/26
  8376 | D:8      | Found Cack's Armour Shop.
  8384 | D:8      | Bought a +2 shield of protection for 279 gold pieces
  8418 | D:8      | Noticed a two-headed hydra
  8780 | D:8      | Found a staircase to the Lair.
  8840 | D:8      | Killed a two-headed hydra
  8840 | D:8      | Reached skill level 1 in Shields
  8865 | D:8      | Got a fine halberd {venom}
  9175 | D:8      | Reached skill level 1 in Armour
  9415 | D:8      | Reached ** piety under Vehumet
  9415 | D:8      | Offered knowledge of Shock by Vehumet.
  9822 | D:7      | Gained mutation: You are resistant to hostile enchantments. [mutagenic meat]
  9823 | D:7      | Gained mutation: You are frail (-10% HP). [mutagenic meat]
  9824 | D:7      | Lost mutation: You are resistant to hostile enchantments. [mutagenic meat]
  9827 | D:7      | Gained mutation: You are somewhat resistant to further mutation. [mutagenic meat]
  9929 | Lair:1   | Entered Level 1 of the Lair of Beasts
 10004 | Lair:1   | Reached skill level 11 in Spellcasting
 10226 | Lair:1   | Learned a level 6 spell: Iron Shot
 10334 | Lair:1   | Noticed a spiny frog
 10356 | Lair:1   | Killed a spiny frog
 10549 | Lair:1   | Reached XP level 11. HP: 21/55 MP: 20/28
 11233 | Lair:2   | Identified the +6 halberd "Koalai" {venom, *Contam rPois rC+ Dex+6} (You took it off a big kobold on level 8 of the Dungeon)
 11994 | Lair:2   | Offered knowledge of Dazzling Spray by Vehumet.
 12890 | Lair:3   | Noticed Gastronok
 12899 | Lair:3   | Killed Gastronok
 12899 | Lair:3   | Reached skill level 5 in Fighting
 13195 | Lair:2   | Reached skill level 5 in Translocations
 13341 | Lair:3   | Reached *** piety under Vehumet
 13672 | Lair:3   | Reached skill level 12 in Spellcasting
 13744 | Lair:3   | Noticed Urug
 13751 | Lair:3   | Found a staircase to the Snake Pit.
 13765 | Lair:3   | Killed Urug
 13839 | Lair:3   | Reached XP level 12. HP: 61/61 MP: 26/30
 13967 | Lair:3   | Noticed a seven-headed hydra
 13972 | Lair:3   | Offered knowledge of Airstrike by Vehumet.
 13987 | Lair:3   | Killed a seven-headed hydra
 14197 | Lair:3   | Lost mutation: You are somewhat resistant to further mutation. [mutagenic meat]
 14198 | Lair:3   | Gained mutation: You are dopey. (Int -2) [mutagenic meat]
 14199 | Lair:3   | Gained mutation: You have a pair of small horns on your head. [mutagenic meat]
 14200 | Lair:3   | Lost mutation: You are dopey. (Int -2) [mutagenic meat]
 14703 | Lair:4   | Reached **** piety under Vehumet
 14935 | Lair:4   | Offered knowledge of Lee's Rapid Deconstruction by Vehumet.
 14935 | Lair:4   | Reached skill level 10 in Dodging
 14942 | Lair:4   | Learned a level 5 spell: Lee's Rapid Deconstruction
 15003 | Lair:4   | Got a distressingly furry leather armour
 15014 | Lair:4   | Identified the +0 leather armour of Freedom {Int+4} (You found it on level 4 of the Lair of Beasts)
 15540 | Lair:4   | Reached skill level 5 in Earth Magic
 16504 | Lair:5   | Reached ***** piety under Vehumet
 16519 | Lair:5   | Offered knowledge of Olgreb's Toxic Radiance by Vehumet.
 16868 | Lair:5   | Noticed a five-headed hydra
 16883 | Lair:5   | Killed an eight-headed hydra
 17670 | Lair:5   | Reached skill level 13 in Spellcasting
 17742 | Lair:5   | Noticed a six-headed hydra
 17801 | Lair:5   | Killed a six-headed hydra
 17801 | Lair:5   | Reached XP level 13. HP: 38/65 MP: 21/32
 18274 | Lair:6   | Found a staircase to the Swamp.
 18377 | Lair:6   | HP: 3/66 [giant frog (9)]
 19405 | Lair:6   | Slain by a death yak

Vault maps used:
D:1:      dpeg_arrival_circle_labyrinth_c
D:3:      hangedman_ru_absence
D:4:      first_bread, corner_web_ring
D:5:      fiery_altar_vehumet, nicolae_dithmenos_shadow_blocks,
          elyvilon_altar_3, xom_teletrap_fun, uniq_eustachio, uniq_duvessa,
          uniq_pikel
D:6:      minivault_14, lemuel_blue_sif_altar
D:7:      lemuel_crystal_altar
D:8:      david_lair_shrubbed, serial_shops, nicolae_shop_crystal,
          hangedman_ranch, corexii_corridor_pit, uniq_maurice
Temple:   bh_familiar_temple
Lair:2:   serial_bayou, serial_bayou_pond_b, serial_bayou_shore_b,
          serial_bayou_pond_e, serial_bayou_pond_d
Lair:3:   minmay_snake_entry_spellcaster, uniq_gastronok, uniq_urug
Lair:4:   grunt_megastairs_5, lemuel_fruit_tree
Lair:6:   minmay_swamp_entry_reptiles, ice2_lemuel, grunt_megastairs_4

Skill      XL: |  1  2  3  4  5  6  7  8  9 10 11 12 13 |
---------------+----------------------------------------+-----
Spellcasting   | 4 5 6 8 10 11 12 13 | 13.1
Hexes          | 1 2 4 5 6 7 8 9 |  9.1
Conjurations   | 2 3 4 5 6 7 8 9 |  9.6
Fighting       | 1 2 3 4 5 |  5.9
Dodging        | 3 4 5 6 7 9 10 | 10.6
Fire Magic     | 4 5 6 7 8 9 |  9.1
Translocations | 2 4 5 6 |  6.2
Earth Magic    | 1 3 4 5 |  5.8
Shields        | 2 3 |  3.8
Armour         | 1 2 3 |  3.6
Stealth        | |  2.4

Action                   |  1- 3 |  4- 6 |  7- 9 | 10-12 | 13-15 || total
-------------------------+-------+-------+-------+-------+-------++-------
Melee: Short sword       |     2 |       |       |       |       ||     2
       Dagger            |     4 |    11 |    22 |    10 |       ||    47
       Long sword        |     2 |       |       |       |       ||     2
       Halberd           |       |       |       |   125 |    31 ||   156
 Cast: Flame Tongue      |    45 |    92 |   143 |   244 |     8 ||   532
       Throw Flame       |    14 |    26 |    33 |   102 |    13 ||   188
       Conjure Flame     |       |     1 |    14 |    13 |       ||    28
       Sticky Flame      |       |     1 |    13 |    49 |    10 ||    73
       Inner Flame       |       |       |    11 |     4 |     1 ||    16
       Bolt of Magma     |       |       |     2 |    38 |    13 ||    53
       Fireball          |       |       |     2 |    15 |     2 ||    19
Evoke: Wand              |       |       |     5 |     1 |       ||     6
  Use: Scroll            |     4 |       |    11 |     9 |     2 ||    26
       Potion            |       |       |     5 |     3 |       ||     8
 Stab: Sleeping          |     1 |     4 |       |     4 |     2 ||    11
       Distracted        |       |       |       |       |     1 ||     1
  Eat: Chunk             |     2 |     7 |    14 |    28 |       ||    51
       Fruit             |       |       |       |    19 |       ||    19
       Pizza             |       |       |       |     7 |       ||     7
       Beef jerky        |       |       |       |     1 |       ||     1
